 Dungeon Sprint DCSS version 0.29-a0-613-gf2c431b9b9 (webtiles) character file.

Game seed: 5220862231237599674

6079 mhtbhm the Convoker (level 10, -5/60 HPs)
             Began as an Octopode Summoner on June 16, 2022.
             Was an Initiate of Gozag.
             Slain by a demonic crawler (12 damage)
             ... in the Dungeon (Sprint I: "Red Sonja").
             The game lasted 00:12:35 (2606 turns).

mhtbhm the Convoker (Octopode Summoner)             Turns: 2606, Time: 00:12:35

Health: -5/60      AC:  1    Str: 20    XL:     10   Next: 88%
Magic:  13/27      EV: 14    Int: 22    God:    Gozag
Gold:   711        SH:  0    Dex: 12    Spells: 23/36 levels left

rFire   . . .      SeeInvis +   f - +10 spear of Regicide {vorpal, rC++ Str+6 SInv}
rCold   + + .      Faith    .   (no shield)
rNeg    . . .      Spirit   .   (helmet restricted)
rPois   .          Reflect  .   (no amulet)
rElec   .          Harm     .   l - ring of Fyeradgh {Will++ Str+6 SInv}
rCorr   .          Rampage  .   (no ring)
Will    ++...      NoTele   +   (no ring)
Stlth   +++++.....              (no ring)
HPRegen 0.20/turn               (no ring)
MPRegen 0.20/turn               (no ring)
                                (no ring)
                                (no ring)

@: gold aura
A: almost no armour, amphibious, 8 rings, camouflage 1, gelatinous body 1,
(nimble swimmer 1), tentacles
a: Renounce Religion, Potion Petition, Call Merchant, Bribe Branch


You were in the Dungeon.
You worshipped Gozag.
Gozag was pleased with you.
You visited 1 branch You collected 3894 gold pieces.
You spent 2643 gold pieces at shops.
You paid 540 gold pieces to Gozag.

Inventory:

Hand Weapons
 f - the +10 spear of Regicide (weapon) {vorpal, rC++ Str+6 SInv}
   (You bought it in a shop in the Dungeon)

   It inflicts extra damage upon your enemies.
   Str:       It affects your strength (+6).
   rC:        It greatly protects you from cold.
   SInv:      It lets you see invisible.
Missiles
 i - 7 curare-tipped darts (quivered)
Jewellery
 l - the ring of Fyeradgh (left tentacle) {Will++ Str+6 SInv}
   (You bought it in a shop in the Dungeon)

   [ring of strength]

   Str:       It affects your strength (+6).
   SInv:      It lets you see invisible.
   Will:      It greatly increases your willpower.
Wands
 e - a wand of iceblast (1)
 h - a wand of charming (4)
 k - a wand of flame (17)
Scrolls
 d - a scroll of acquirement
 g - 3 scrolls of identify {unknown}
Potions
 a - 2 potions of magic
Miscellaneous
 c - a phial of floods


   Skills:
 + Level 1.7 Fighting
 - Level 2.1 Short Blades
 * Level 1.7 Polearms
 + Level 2.5 Throwing
 + Level 5.2 Dodging
 - Level 8.6 Stealth
 + Level 1.0 Unarmed Combat
 + Level 13.7 Spellcasting
 + Level 3.6 Hexes
 + Level 17.0 Summonings
 + Level 7.3 Air Magic
 + Level 3.1 Evocations


You had 23 spell levels left.
You knew the following spells:

 Your Spells              Type           Power      Damage    Failure   Level
a - Summon Small Mammal   Summ           100%       N/A       0%          1
b - Call Imp              Summ           74%        N/A       0%          2
c - Call Canine Familiar  Summ           74%        N/A       0%          3
d - Summon Guardian Gole  Hex/Summ       57%        N/A       1%          3
e - Summon Lightning Spi  Summ/Air       62%        N/A       1%          4

Your spell library contained the following spells:

 Spells                   Type           Power      Damage    Failure   Level
 Fireball                 Conj/Fire      7%         3d5       75%         5
 Iskenderun's Battlesphe  Conj           15%        2d7       75%         5
 Conjure Ball Lightning   Conj/Air       15%        3x3d6     80%         6
 Orb of Destruction       Conj           7%         9d6       100%        7


Dungeon Overview and Level Annotations

Branches:
Dungeon (1/1)

Altars:
Cheibriados
Dithmenos
Elyvilon
Fedhas
Gozag
Hepliaklqana
Kikubaaqudgha
Makhleb
Nemelex Xobeh
Okawaru
Qazlal
Ru
Sif Muna
Trog
Uskayaw
Vehumet
Wu Jian
Xom
Yredelemnul
Zin
The Shining One
Jiyva
Lugonu

Shops:
D ==*([[!:*[[?[!(*[(


Innate Abilities, Weirdness & Mutations

You cannot wear most types of armour.
You are amphibious.
You can wear up to eight rings at the same time.
Your skin changes colour to match your surroundings (Stealth+).
Your rubbery body absorbs attacks. (AC +1, EV +1)
((You are camouflaged when in or above water. (Stealth+)))
You have tentacles for arms and can constrict up to eight enemies at once.


Message History

Unknown command.
Unknown command.
Unknown command.
Aiming: Iceblast
Press: ? - help, Shift-Dir - straight line, f/p - demonic crawler
Aim: a demonic crawler (severely wounded, catching its breath)
The mass of ice explodes!
The iceblast engulfs the demonic crawler!
The demonic crawler partially resists.
The demonic crawler is almost dead.
The iceblast engulfs the demonic crawler!
The demonic crawler partially resists.
The demonic crawler is almost dead.
Unknown command.
Unknown command.
Unknown command.
Unknown command.
The demonic crawler is no longer blind.
The demonic crawler shrieks in warning!
A gargoyle comes into view. It is wielding a +0 morningstar.
The demonic crawler shrieks in warning!
You hit the demonic crawler but do no damage.
The demonic crawler is almost dead.
The demonic crawler is distracted by your dazzling golden aura.
The demonic crawler barely misses you. The demonic crawler hits you. x2
Unknown command.
There is an open door here.
You hit the demonic crawler.
The demonic crawler is almost dead.
The demonic crawler closely misses you. The demonic crawler hits you. x2
The demonic crawler hits you! x2
* * * LOW HITPOINT WARNING * * *
The demonic crawler hits you!
* * * LOW HITPOINT WARNING * * *
Okay, then.
Okay, then.
The demonic crawler attacks as you move away!
The demonic crawler hits you!
You die...
Your body crumbles into a pile of gold.

########################
.#..'..#..'..#__#..'[.[# $$
.').#..)..#..'..@s8#☼☼.# $
)#####'#####'#__####§.9$s.#$
.####..#...#.####..#####..+$
$ .#__####..##.#)§§..#..#
+## $
.#_____##'#_.'≈)≈§.§..# $
⌠#_.∩...'..._#≈§≈§.#..# $$
##_..__##_.#'##+#####§###
$#_____###'#.#).()###.'.#
##########.####'###.###.#


You could see a demonic crawler (ally target) and a friendly lightning spire
(summoned).

Vanquished Creatures
  2 centaur warriors (D)
  2 unseen horrors (D)
  A demonic crawler (D)
  A hornet (D)
  A redback (D)
  A floating eye (D)
  An ogre (D)
  2 necrophages (D)
  4 jellies (D)
  A ballistomycete spore (D)
16 creatures vanquished.

Vanquished Creatures (collateral kills)
  Sonja (D)
  A deep troll (D)
  An oklob plant (D)
  2 kobold demonologists (D)
  A demonic crawler (D)
  A slime creature (D)
  Sigmund (D)
  A yak (D)
  A redback (D)
  A floating eye (D)
  5 necrophages (D)
  4 jellies (D)
  Ijyb (D)
21 creatures vanquished.

Vanquished Creatures (others)
  A ballistomycete spore (D)
1 creature vanquished.

Grand Total: 38 creatures vanquished

Notes
Turn   | Place    | Note
-------+----------+-------------------------------------------
     0 | D        | mhtbhm the Octopode Summoner began the quest for the Orb.
     0 | D        | Reached XP level 1. HP: 11/11 MP: 3/3
     4 | D        | Noticed Ijyb
    12 | D        | Killed Ijyb
    13 | D        | Reached skill level 6 in Summonings
    13 | D        | Reached XP level 2. HP: 7/17 MP: 1/5
   248 | D        | Learned a level 2 spell: Call Imp
   251 | D        | Noticed an ogre
   269 | D        | Killed an ogre
   270 | D        | Reached skill level 8 in Summonings
   270 | D        | Reached XP level 3. HP: 21/21 MP: 4/8
   270 | D        | Reached XP level 4. HP: 27/27 MP: 4/9
   433 | D        | Learned a level 3 spell: Call Canine Familiar
   437 | D        | Learned a level 3 spell: Summon Guardian Golem
   444 | D        | Noticed Sigmund
   460 | D        | Killed Sigmund
   461 | D        | Reached skill level 5 in Spellcasting
   461 | D        | Reached skill level 11 in Summonings
   461 | D        | Reached XP level 5. HP: 31/31 MP: 2/12
   461 | D        | Reached XP level 6. HP: 36/36 MP: 2/13
   470 | D        | Learned a level 4 spell: Summon Lightning Spire
   556 | D        | Found an ornate altar of the Wu Jian Council.
   556 | D        | Found a shimmering blue altar of Sif Muna.
   558 | D        | Found a radiant altar of Vehumet.
   570 | D        | Found Dittaxir's Jewellery Emporium.
   570 | D        | Found an ancient bone altar of Kikubaaqudgha.
   570 | D        | Found a hazy altar of Hepliaklqana.
   570 | D        | Found a stormy altar of Qazlal.
   570 | D        | Found a hide-covered altar of Uskayaw.
   570 | D        | Found a blossoming altar of Fedhas.
   570 | D        | Found a bloodstained altar of Trog.
   570 | D        | Found an iron altar of Okawaru.
   570 | D        | Found a basalt altar of Yredelemnul.
   570 | D        | Found a glowing golden altar of the Shining One.
   570 | D        | Found a snail-covered altar of Cheibriados.
   570 | D        | Found a sacrificial altar of Ru.
   570 | D        | Found a glowing silver altar of Zin.
   570 | D        | Found a shadowy altar of Dithmenos.
   570 | D        | Found a white marble altar of Elyvilon.
   570 | D        | Noticed a yak
   576 | D        | Killed a yak
   577 | D        | Reached skill level 5 in Stealth
   577 | D        | Reached skill level 12 in Summonings
   577 | D        | Reached XP level 7. HP: 41/41 MP: 9/16
   580 | D        | Found an opulent altar of Gozag.
   601 | D        | Found a sparkling altar of Nemelex Xobeh.
   612 | D        | Became a worshipper of Gozag Ym Sagoz the Greedy
   734 | D        | Found a burning altar of Makhleb.
   734 | D        | Found a shimmering altar of Xom.
   734 | D        | Noticed a slime creature
   738 | D        | Killed a slime creature
   739 | D        | Reached skill level 1 in Air Magic
   740 | D        | Found a viscous altar of Jiyva.
   740 | D        | Found a corrupted altar of Lugonu.
   756 | D        | Noticed a kobold demonologist
   757 | D        | Killed a kobold demonologist
   758 | D        | Reached skill level 1 in Hexes
   758 | D        | Reached skill level 13 in Summonings
   758 | D        | Reached XP level 8. HP: 46/46 MP: 6/20
   759 | D        | Noticed a kobold demonologist
   770 | D        | Killed a kobold demonologist
   771 | D        | Reached skill level 14 in Summonings
   886 | D        | Noticed Sonja
   905 | D        | Killed Sonja
   906 | D        | Reached skill level 1 in Unarmed Combat
   906 | D        | Reached skill level 10 in Spellcasting
   906 | D        | Reached skill level 15 in Summonings
   906 | D        | Reached XP level 9. HP: 21/51 MP: 8/23
  1033 | D        | Found Nurphegev's Jewellery Boutique.
  1041 | D        | Bought the ring of Fyeradgh {Will++ Str+6 SInv} for 1015
                  | gold pieces
  1056 | D        | Noticed a deep troll
  1066 | D        | Killed a deep troll
  1067 | D        | Reached skill level 1 in Throwing
  1067 | D        | Reached skill level 5 in Air Magic
  1149 | D        | Found Puar's Armour Emporium.
  1385 | D        | Noticed a centaur warrior
  1387 | D        | Noticed a centaur warrior
  1409 | D        | HP: 1/51 [centaur warrior/arrow (22)]
  1411 | D        | Killed a centaur warrior
  1411 | D        | Killed a centaur warrior
  1412 | D        | Reached skill level 1 in Short Blades
  1412 | D        | Reached skill level 5 in Dodging
  1412 | D        | Reached skill level 16 in Summonings
  1412 | D        | Reached skill level 1 in Evocations
  1412 | D        | Reached XP level 10. HP: 29/57 MP: 10/26
  1594 | D        | Noticed an oklob plant
  1603 | D        | Killed an oklob plant
  1674 | D        | Reached skill level 1 in Fighting
  2058 | D        | Noticed an unseen horror
  2060 | D        | Noticed an unseen horror
  2109 | D        | Killed an unseen horror
  2325 | D        | Killed an unseen horror
  2420 | D        | Found Pahik's Antique Weapon Shoppe.
  2426 | D        | Found Webetud's Weapon Boutique.
  2428 | D        | Found Ganuozir's General Store.
  2428 | D        | Found Oggoiwex's Armour Boutique.
  2430 | D        | Found Kegrehon's General Store.
  2449 | D        | Found Yckarcha's Antique Weapon Emporium.
  2478 | D        | Found Biahom's Antique Armour Emporium.
  2478 | D        | Found Uhuephes's Distillery.
  2478 | D        | Found Diotrymp's Assorted Antiques.
  2478 | D        | Found Oleac's Antique Armour Boutique.
  2478 | D        | Found Puriuf's Antique Armour Emporium.
  2478 | D        | Found Otoedos's Magic Scroll Shop.
  2478 | D        | Found Biskuiss's Armour Shoppe.
  2482 | D        | Bought 2 curare-tipped darts for 12 gold pieces
  2484 | D        | Found Raurib's Distillery.
  2500 | D        | Bought a scroll of acquirement for 520 gold pieces
  2527 | D        | Bought a masterwork spear for 232 gold pieces
  2527 | D        | Identified the +10 spear of Regicide {vorpal, rC++ Str+6
                  | SInv} (You bought it in a shop in the Dungeon)
  2532 | D        | Bought a book of the Spheres for 864 gold pieces
  2589 | D        | Noticed a demonic crawler
  2589 | D        | Noticed a demonic crawler
  2589 | D        | Noticed a demonic crawler
  2589 | D        | Noticed a demonic crawler
  2593 | D        | Killed a demonic crawler
  2594 | D        | Reached skill level 1 in Polearms
  2598 | D        | Killed a demonic crawler
  2599 | D        | Reached skill level 17 in Summonings
  2601 | D        | Noticed a gargoyle
  2606 | D        | Slain by a demonic crawler

Illustrated notes

Levels and vault maps discovered:
D:        dungeon_sprint_1 [red_sonja_temple_1, red_sonja_temple_small_1]

Skill      XL: |  1  2  3  4  5  6  7  8  9 10 |
---------------+-------------------------------+-----
Stealth        | 3 4 5 6 7 8 |  8.6
Summonings     | 6 8 11 12 13 15 16 17 | 17.0
Dodging        | 3 4 5 |  5.2
Spellcasting   | 3 5 6 8 10 12 13 | 13.7
Air Magic      | 2 4 6 7 |  7.3
Hexes          | 1 2 3 |  3.6
Unarmed Combat | 1 |  1.0
Throwing       | 2 |  2.5
Short Blades   | 1 2 |  2.1
Evocations     | 1 3 |  3.1
Fighting       | 1 |  1.7
Polearms       | 1 |  1.7

Action                   |  1- 3 |  4- 6 |  7- 9 | 10-12 || total
-------------------------+-------+-------+-------+-------++-------
Melee: Unarmed           |     3 |       |       |       ||     3
       Tentacles         |     1 |       |       |     6 ||     7
       Constrict         |     1 |       |       |     3 ||     4
       Dagger            |       |       |     1 |    14 ||    15
       Spear             |       |       |       |     2 ||     2
       Punch             |       |       |       |     1 ||     1
Throw: Dart              |       |       |     4 |     1 ||     5
 Cast: Summon Small Mamm |     4 |     1 |     2 |     4 ||    11
       Call Imp          |     1 |     2 |     4 |     3 ||    10
       Summon Guardian G |       |     1 |     4 |     6 ||    11
       Call Canine Famil |       |     1 |     4 |     4 ||     9
       Summon Lightning  |       |     1 |     7 |    12 ||    20
Invok: Call Merchant     |       |       |       |     1 ||     1
Evoke: Wand              |     1 |       |     2 |    15 ||    18
  Use: Potion            |     1 |       |     2 |     6 ||     9
       Scroll            |       |       |     1 |       ||     1
 Stab: Sleeping          |       |       |     1 |     2 ||     3
Dodge: Dodged            |       |     1 |     6 |    18 ||    25

Table legend: (Time is in decaauts)
 A = Elapsed time spent in this place.
 B = Non-inter-level travel time spent in this place.
 C = Inter-level travel time spent in this place.
 D = Time resting spent in this place.
 E = Time spent auto-exploring this place.
 F = Levels seen in this place.
 G = Mean time per level.
                   A        B        C        D        E       F      G
               +--------+--------+--------+--------+--------+-----+--------+
         Total |   2598 |   2598 |      0 |   1677 |      0 |   1 | 2598.0 |
       Dungeon |   2598 |   2598 |      0 |   1677 |      0 |   1 | 2598.0 |
               +--------+--------+--------+--------+--------+-----+--------+

Top non-repeatable levels by time:
       D: 2598 daAuts
